 Dungeon Crawl Stone Soup version 0.18.1-6-gd335043 (webtiles) character file.

4344 zeroDi the Covert (level 10, -10/41 HPs)
             Began as a Vine Stalker Assassin on May 20, 2016.
             Was a Follower of Okawaru.
             Mangled by a komodo dragon (19 damage)
             ... on level 9 of the Dungeon.
             The game lasted 00:37:09 (8750 turns).

zeroDi the Covert (Vine Stalker Assassin)           Turns: 8750, Time: 00:37:11

Health: -10/41     AC: 11    Str: 15    XL:     10   Next: 34%
Magic:  0/11       EV: 11    Int: 11    God:    Okawaru [*.....]
Gold:   450        SH:  0    Dex: 18    Spells: 0 memorised, 9 levels left

rFire  . . .     SeeInvis +     a - +0 dagger (venom)
rCold  . . .     Gourm    .     c - +1 leather armour {MR+}
rNeg   . . .     Faith    .     (no shield)
rPois  +         Spirit   +     C - +2 helmet
rElec  .         Dismiss  .     d - +0 cloak
rCorr  .         Reflect  .     F - +0 pair of gloves
SustAt .         Harm     .     D - +1 pair of boots
MR     +++..                    (no amulet)
Stlth  ++++......               (no ring)
                                x - ring of see invisible

@: about to teleport, extremely resistant to hostile enchantments, stealthy
A: fangs 3, blurry vision 1, frail 1, magic resistance 1, poison resistance,
regeneration 2, screaming 1, magic shield, antimagic bite, no device heal 3, rot
immunity
a: Heroism, Renounce Religion


You were on level 9 of the Dungeon.
You worshipped Okawaru.
Okawaru was aware of your devotion.
You were very hungry.

You visited 2 branches of the dungeon, and saw 10 of its levels.

You collected 450 gold pieces.


Innate Abilities, Weirdness & Mutations

You have razor-sharp teeth.
You heal very quickly.
When hurt, damage is shared between your health and your magic reserves.
Your bite disrupts and absorbs the magic of your enemies.
Potions and wands cannot restore your health.
You are immune to rotting.
Scrolls take you a little longer to read.
You are frail (-10% HP).
You are resistant to hostile enchantments.
Your system is resistant to poisons.
You occasionally shout uncontrollably at your foes.


   Skills:
 - Level 1.7 Fighting
 * Level 9.9 Short Blades
 + Level 7.2 Throwing
 - Level 0.7 Dodging
 - Level 10.2 Stealth


You had 9 spell levels left.
You didn't know any spells.

Inventory:

Hand Weapons
 a - a +0 dagger of venom (weapon)
 b - a +0 blowgun
 h - a +2 dagger
 j - a +1 hand axe of chopping
 N - a +2 vampiric short sword
Missiles
 e - 17 poisoned needles
 f - 2 curare-tipped needles {=f}
 t - 6 javelins (quivered)
 B - 5 silver javelins
Armour
 c - a +1 leather armour of magic resistance (worn)
 d - a +0 cloak (worn)
 s - a +2 hat
 C - a +2 helmet (worn)
 D - a +1 pair of boots (worn)
 F - a +0 pair of gloves (worn)
 M - a +1 leather armour of cold resistance
Jewellery
 x - a ring of see invisible (left hand)
 y - an uncursed ring of protection from fire
Wands
 r - a wand of paralysis (10/24)
 w - a wand of slowing (24/48)
 A - a wand of iceblast (15/15)
 K - a wand of lightning (3/15)
 L - a wand of iceblast (9/15)
Scrolls
 i - 2 scrolls of magic mapping
 l - 2 scrolls of fog
 m - a scroll of amnesia
 n - 3 scrolls of remove curse
 p - a scroll of recharging
 G - 2 scrolls of identify {@r1}
 H - a scroll of fear {unknown}
 I - 2 scrolls of immolation {!r}
 O - a scroll of acquirement {unknown}
Potions
 o - 2 potions of might
 u - 2 potions of curing {@q1}
 v - a potion of lignification {!q}
 z - a potion of haste {@q3}
 P - a potion of mutation {!q}
Comestibles
 g - 10 bread rations
 k - 3 fruits
 q - 9 beef jerkies
 J - a meat ration

Dungeon Overview and Level Annotations

Branches:
Dungeon (9/15)             Temple (1/1) D:5            Lair (0/8) D:9
    Orc: D:9-12

Altars:
Ashenzari
Cheibriados
Dithmenos
Elyvilon
Fedhas
Gozag
Kikubaaqudgha
Makhleb
Nemelex Xobeh
Okawaru
Pakellas
Qazlal
Ru
Sif Muna
Trog
Vehumet
Xom
Yredelemnul
Zin
The Shining One

Shops:
D:4 *[   D:8 !

Annotations:
D:5 exclusion: door, Edmund

#..)...................#.......#.
#......................#.8.8.8.#.
#.)................(...#.......#.
#......................#<........
#......................#.......##
#....................>.#.8.8.8.#
#......................#...[...#
...#'####+############(#########
...'..........#.@...#.....#....#
...#..........#l....#.....#....#
...#..........#.....#....)'....#
...#...##.....###'####.(.##...##
####...##.....##...)##(####...##
.......##.....##....(..........#
...............................#
...............................#
....(..........................##


You could see a komodo dragon.


Message History

Firing (i - inventory. (,) - cycle):
e - 18 poisoned needles (quivered)
Press: ? - help, Shift-Dir - straight line, f/p - komodo dragon
Aim: a komodo dragon (severely wounded, poisoned)
You shoot a poisoned needle.
The poisoned needle hits the komodo dragon!
The komodo dragon looks even sicker.
The komodo dragon is severely wounded.
Your +0 dagger of venom begins to drip with poison!
a - a +0 dagger of venom (weapon)
The komodo dragon bites you!!
* * * LOW HITPOINT WARNING * * *
There is an open door here.
Read which item? (? for menu, Esc to quit)
Really read with blurry vision while enemies are nearby?
You begin reading the scroll.
You continue reading the scroll.
The komodo dragon barely misses you.
As you read the scroll of teleportation {@r4}, it crumbles to dust.
You feel strangely unstable. The komodo dragon bites you!!
You die...

Action                   |  1- 3 |  4- 6 |  7- 9 | 10-12 || total
-------------------------+-------+-------+-------+-------++-------
Melee: Dagger            |    88 |   117 |   494 |   135 ||   834
       Bite              |    23 |    39 |   173 |    49 ||   284
       Hand axe          |    14 |       |       |       ||    14
 Fire: Blowgun           |     3 |     3 |     1 |    12 ||    19
Throw: Javelin           |       |    37 |    45 |    29 ||   111
Evoke: Wand              |       |       |     1 |       ||     1
  Use: Potion            |     3 |       |     2 |       ||     5
       Scroll            |       |       |    15 |     1 ||    16
 Stab: Sleeping          |     7 |     5 |     7 |     3 ||    22
       Distracted        |       |       |     3 |       ||     3
       Paralysed         |       |       |     1 |       ||     1
  Eat: Chunk             |       |     4 |    12 |     2 ||    18
       Pizza             |       |     1 |     1 |       ||     2
       Meat ration       |       |       |     2 |       ||     2
Armor: Robe              |    20 |    13 |   107 |       ||   140
       Leather armour    |       |       |    13 |    26 ||    39
Dodge: Dodged            |    63 |    36 |   174 |    36 ||   309

Vault maps used:
D:1:      lemuel_arrival_broad_hall
D:4:      lemuel_crystal_altar, first_bread, serial_shops,
          nicolae_shop_statue_plus, shop, nicolae_ru_path_of_blood
D:5:      nicolae_gozag_cash_rules_everything_around_me, led_sif_book,
          temple_statues, grunt_ministairs_15, uniq_edmund
D:6:      grunt_temple_overflow_champion_of_chaos
D:7:      lemuel_crystal_altar, grunt_ogre_cave
D:8:      grunt_temple_overflow_holy_war, grunt_dithmenos_shadows,
          lemuel_round_altar, old_standard_altar, grunt_temple_overflow_diamond,
          serial_glass, glass_columns_a, glass_columns_a, glass_columns_a,
          glass_columns_a, glass_columns_a, glass_columns_a, serial_shops, shop
D:9:      david_lair_shrubbed, minmay_misc_feat_more_columns,
          grunt_ministairs_3, uniq_joseph
Temple:   hc_temple_tempest_star

Notes
Turn   | Place    | Note
--------------------------------------------------------------
     0 | D:1      | zeroDi the Vine Stalker Assassin began the quest for the Orb.
     0 | D:1      | Reached XP level 1. HP: 11/11 MP: 2/2
    27 | D:1      | Reached skill level 2 in Short Blades
    90 | D:1      | Reached XP level 2. HP: 11/15 MP: 3/3
   287 | D:1      | Reached skill level 3 in Short Blades
   303 | D:1      | Reached XP level 3. HP: 18/18 MP: 2/4
   960 | D:2      | Reached XP level 4. HP: 23/23 MP: 5/5
  1129 | D:3      | Reached skill level 4 in Short Blades
  1689 | D:3      | Reached XP level 5. HP: 26/26 MP: 6/6
  2205 | D:4      | Found Nala's Antique Armour Emporium.
  2266 | D:4      | Reached skill level 5 in Short Blades
  2295 | D:4      | Gained mutation: You heal very quickly. [Vine Stalker growth]
  2295 | D:4      | Reached XP level 6. HP: 30/30 MP: 7/7
  2396 | D:4      | Reached skill level 5 in Stealth
  2489 | D:4      | Found Aceus's Assorted Antiques.
  2509 | D:4      | Reached skill level 6 in Stealth
  2544 | D:4      | Found a sparkling altar of Nemelex Xobeh.
  2620 | D:4      | Reached skill level 7 in Stealth
  2620 | D:4      | Reached XP level 7. HP: 14/34 MP: 4/8
  2928 | D:4      | Found a sacrificial altar of Ru.
  2942 | D:4      | Reached skill level 8 in Stealth
  2987 | D:5      | Entered Level 5 of the Dungeon
  2992 | D:5      | Found an opulent altar of Gozag.
  3065 | D:5      | Noticed Edmund
  3117 | D:5      | Reached skill level 9 in Stealth
  3123 | D:5      | Gained mutation: You are resistant to hostile enchantments. [mutagenic meat]
  3125 | D:5      | Gained mutation: Scrolls take you a little longer to read. [mutagenic meat]
  3126 | D:5      | Gained mutation: You occasionally shout uncontrollably at your foes. [mutagenic meat]
  3127 | D:5      | Gained mutation: Your system is resistant to poisons. [mutagenic meat]
  3128 | D:5      | Gained mutation: You are frail (-10% HP). [mutagenic meat]
  3544 | D:5      | Found a staircase to the Ecumenical Temple.
  3562 | Temple   | Entered the Ecumenical Temple
  4221 | D:5      | Found a deep blue altar of Sif Muna.
  4313 | D:5      | Gained mutation: You have razor-sharp teeth. [Vine Stalker growth]
  4313 | D:5      | Reached XP level 8. HP: 29/34 MP: 6/9
  4435 | D:5      | Reached skill level 10 in Stealth
  4627 | D:6      | Reached skill level 2 in Throwing
  4888 | D:6      | Reached skill level 6 in Short Blades
  4983 | D:6      | Reached skill level 3 in Throwing
  5071 | D:6      | Paralysed by a crimson imp for 4 turns
  5089 | D:6      | Found a shimmering altar of Xom.
  5090 | D:6      | Found a burning altar of Makhleb.
  5475 | D:7      | Reached skill level 4 in Throwing
  5757 | D:6      | Reached XP level 9. HP: 22/37 MP: 7/10
  5771 | D:6      | Reached skill level 7 in Short Blades
  6126 | D:7      | Reached skill level 5 in Throwing
  6235 | D:7      | Found a sacrificial altar of Ru.
  6849 | D:8      | Found Ivuupluk's Distillery.
  6888 | D:8      | Found an oddly glowing altar of Pakellas.
  6926 | D:8      | Found a glowing golden altar of the Shining One.
  6928 | D:8      | Noticed an angel
  6960 | D:8      | Reached skill level 8 in Short Blades
  7021 | D:8      | Found a basalt altar of Yredelemnul.
  7023 | D:8      | Noticed a profane servitor
  7074 | D:8      | Reached skill level 6 in Throwing
  7213 | D:8      | Found a radiant altar of Vehumet.
  7312 | D:8      | Found a shadowy altar of Dithmenos.
  7443 | D:8      | Reached skill level 9 in Short Blades
  7515 | D:8      | Found an iron altar of Okawaru.
  7520 | D:8      | Became a worshipper of Warmaster Okawaru
  7524 | D:8      | Found a blossoming altar of Fedhas.
  7527 | D:8      | Found a bloodstained altar of Trog.
  7748 | D:8      | Reached XP level 10. HP: 41/41 MP: 11/11
  8216 | D:9      | Reached skill level 7 in Throwing
  8247 | D:9      | Noticed Joseph
  8307 | D:9      | HP: 4/41 [Joseph/uncursed quarterstaff of crushing (10)]
  8308 | D:9      | Killed Joseph
  8308 | D:9      | Reached * piety under Okawaru
  8681 | D:9      | Found a staircase to the Lair.
  8750 | D:9      | Mangled by a komodo dragon

Vanquished Creatures
  Joseph (D:9)
  A hippogriff (D:8)
  A water moccasin (D:6)
  2 orc warriors
  An ice beast (D:5)
  4 sky beasts
  A phantom (D:8)
  A black bear (D:6)
  2 necrophages (D:9)
  4 ogres
  A centaur (D:8)
  A big kobold (D:9)
  A wyvern zombie (D:6)
  4 giant frogs
  A scorpion (D:9)
  5 wights
  5 howler monkeys
  A giant frog zombie (D:5)
  6 crimson imps
  5 hounds
  A giant frog skeleton (D:8)
  12 orc wizards
  A centaur skeleton (D:9)
  7 orc priests
  A jelly (D:9)
  A gnoll shaman (D:6)
  An iguana (D:4)
  5 worker ants
  A hound skeleton (D:8)
  A howler monkey zombie (D:8)
  8 gnolls
  12 adders
  A shadow imp (D:7)
  3 oozes
  2 adder skeletons
  3 worms
  A dart slug (D:1)
  2 giant geckos
  45 orcs
  A ball python (D:2)
  3 giant cockroaches
  A goblin (D:1)
  10 hobgoblins
  6 jackals
  14 kobolds
  3 quokkas
  6 bats
  9 giant newts
  A jackal skeleton (D:5)
  2 jackal zombies (D:8)
  A quokka skeleton (D:6)
  5 rats
218 creatures vanquished.

Vanquished Creatures (others)
  A plant (D:9)
1 creature vanquished.

Grand Total: 219 creatures vanquished
